 Dungeon Crawl Stone Soup version 0.23-a0-481-g60b89c1 (webtiles) character file.

332 George the Slasher (level 6, 0/66 HPs)
             Began as a Demonspawn Gladiator on Nov 29, 2018.
             Slain by a wraith (5 damage)
             ... in an ossuary.
             The game lasted 00:05:44 (3333 turns).

George the Slasher (Demonspawn Gladiator)           Turns: 3333, Time: 00:05:44

Health: 0/66       AC: 23    Str: 16    XL:     6   Next: 26%
Magic:  0/6        EV:  2    Int: 10    God:
Gold:   149        SH:  0    Dex: 19    Spells: 5/5 levels left

rFire    . . .     SeeInvis .   a - +1 long sword
rCold    . . .     Gourm    .   (no shield)
rNeg     + + +     Faith    .   (armour currently unavailable)
rPois    +         Spirit   +   (helmet currently unavailable)
rElec    .         Reflect  .   (cloak currently unavailable)
rCorr    .         Harm     .   (gloves currently unavailable)
MR       .....     NoTele   +   (boots currently unavailable)
Stlth    +++.......             (no amulet)
HPRegen  0.21/turn              p - ring of wizardry
MPRegen  0.10/turn              (no ring)

@: agile, tree-form, slowed, very slow
A: magic shield
a: no special abilities


You were in an ossuary.
You were not hungry.
You were a tree.
You visited 1 branch of the dungeon, and saw 4 of its levels.
You also visited: Ossuary.

You collected 149 gold pieces.

Inventory:

Hand Weapons
 a - a +1 long sword (weapon)
Missiles
 d - 3 throwing nets (quivered)
Armour
 j - a +0 scale mail (melded)
Jewellery
 p - a ring of wizardry (left branch)
Wands
 m - a wand of random effects (11)
Scrolls
 e - a scroll of enchant weapon
 k - 3 scrolls of blinking
 l - a scroll of identify
 n - a scroll of fear {unknown}
 o - 2 scrolls of magic mapping
 s - a scroll of teleportation
Potions
 c - 2 potions of curing
 g - 2 potions of mutation
 h - 2 potions of lignification
 i - a potion of agility
 q - 2 potions of ambrosia {unknown}
 r - 2 potions of degeneration {unknown}
 t - a potion of haste {unknown}
Comestibles
 f - 7 rations


   Skills:
 - Level 2.0 Fighting
 + Level 6.5 Long Blades
 - Level 1.7 Throwing
 - Level 2.6 Dodging


You had 5 spell levels left.
You didn't know any spells.
Your spell library was empty.

Dungeon Overview and Level Annotations

Branches:
Dungeon (4/15)
 Temple: D:4-7

Altars:
Ru
Wu Jian
Xom


Innate Abilities, Weirdness & Mutations

((You have a pair of small horns on your head.))
When hurt, damage is shared between your health and your magic reserves.


Message History

The wraith drains your vigour!
You feel as though you will be slow longer.
The wraith hits you but does no damage.
Okay, then.
Okay, then.
Unknown command.
You eat one of the 8 rations.
That ration really hit the spot!
The wraith hits you but does no damage.
It was a potion of agility.
You feel agile all of a sudden. The wraith hits you.
* * * LOW HITPOINT WARNING * * *
The wraith drains your vigour!
You feel as though you will be slow longer.
The wraith hits you but does no damage.
Okay, then.
You hit the wraith but do no damage.
The wraith is lightly damaged.
The wraith hits you but does no damage. The wraith hits you!
You die...

..####......#+#.^....####..#
............#.#............#
...........................#
..####.####.....####.####..#
..#.'..# +...8...'!#..'.#..#
..####.####.....####.####..#
...............^...........#
............#.#.W..........#
..####......#+#^♣....####..#
..#.'...8...# #...8...'.#..#
..####......###......####..#
............^..............#
.......^...................#
..#.#..#.#..#.#..#.#..#.#..#
^^#'#..#'#..#'#..#'#..#'#..#
..#.#..#.#..#.#..#.#..#.#..#
..###..###..###..###..###..#


You could see a wraith.

Vanquished Creatures
  Purgy (D:3)
  A hound (D:4)
  An iguana (D:4)
  3 mummies (Ossuary)
  Robin (D:3)
  3 adders
  An ooze (D:2)
  2 worms
  2 dart slugs (D:2)
  2 orcs
  A ball python (D:1)
  5 giant cockroaches
  22 goblins
  8 hobgoblins
  7 jackals
  9 kobolds
  2 quokkas
  A ball python skeleton (D:4)
  A bat (D:1)
  4 frilled lizards
  3 goblin zombies (Ossuary)
  4 hobgoblin zombies (Ossuary)
  3 rats
87 creatures vanquished.

Notes
Turn   | Place    | Note
-------+----------+-------------------------------------------
     0 | D:1      | George the Demonspawn Gladiator began the quest for the
                  | Orb.
     0 | D:1      | Reached XP level 1. HP: 16/16 MP: 1/1
    36 | D:1      | Reached skill level 3 in Long Blades
   105 | D:1      | Gained mutation: You have a pair of small horns on your
                  | head. [demonic ancestry]
   105 | D:1      | Reached XP level 2. HP: 18/22 MP: 2/2
   831 | D:2      | Gained mutation: When hurt, damage is shared between your
                  | health and your magic reserves. [demonic ancestry]
   831 | D:2      | Reached XP level 3. HP: 25/27 MP: 3/3
   927 | D:2      | Reached skill level 4 in Long Blades
  1171 | D:2      | Found a sacrificial altar of Ru.
  1202 | D:2      | Reached XP level 4. HP: 8/33 MP: 2/4
  1653 | D:2      | Found an ornate altar of the Wu Jian Council.
  1734 | D:3      | Found a shimmering altar of Xom.
  1734 | D:3      | Found a shimmering altar of Xom.
  1734 | D:3      | Found a shimmering altar of Xom.
  1735 | D:3      | Found a shimmering altar of Xom.
  1735 | D:3      | Found a shimmering altar of Xom.
  2423 | D:3      | Noticed Robin
  2452 | D:3      | Reached skill level 5 in Long Blades
  2493 | D:3      | Killed Robin
  2660 | D:3      | Noticed Purgy
  2666 | D:3      | Killed Purgy
  2666 | D:3      | Reached XP level 5. HP: 38/38 MP: 5/5
  2669 | D:3      | Found a shimmering altar of Xom.
  2780 | D:4      | Reached skill level 6 in Long Blades
  2822 | D:4      | Reached XP level 6. HP: 44/44 MP: 6/6
  2839 | D:4      | Found a sand-covered staircase.
  2847 | Ossuary  | Entered an ossuary
  2847 | Ossuary  | Noticed a wraith
  2847 | Ossuary  | Noticed a wraith
  2847 | Ossuary  | Noticed a wraith
  3312 | Ossuary  | Noticed a wraith
  3320 | Ossuary  | HP: 2/44 [wraith (5)]
  3333 | Ossuary  | Slain by a wraith

Vault maps used:
D:1:      kennysheep_arrival_seaside, minmay_statues_item, st_stairs_2
D:2:      nicolae_overflow_hidden_temple
D:3:      kennysheep_goblin_castle, xom_redecorated, uniq_purgy
D:4:      nemelex_xobeh_ov_fountains_minmay, kennysheep_mini, first_ration,
          chequers_ossuary_entry_cave, serial_shops, shop, minmay_ogre_servants,
          uniq_blork_the_orc, uniq_robin, uniq_eustachio, uniq_grinder
Ossuary:  ossuary_kennysheep_city_of_the_dead

Skill      XL: |  1  2  3  4  5 |
---------------+----------------+-----
Long Blades    | 3 4 5 6 |  6.5
Fighting       | |  2.0
Throwing       | |  1.7
Dodging        | |  2.6

Action                   |  1- 3 |  4- 6 || total
-------------------------+-------+-------++-------
Melee: Long sword        |   111 |   146 ||   257
       Headbutt          |     9 |    34 ||    43
Evoke: Wand              |       |     2 ||     2
  Use: Scroll            |       |     8 ||     8
       Potion            |       |     3 ||     3
  Eat: Chunk             |     1 |     5 ||     6
       Ration            |       |     1 ||     1
Armor: Leather armour    |     6 |       ||     6
       Ring mail         |     4 |       ||     4
       Scale mail        |    41 |    61 ||   102
       Skin              |       |    13 ||    13
Dodge: Dodged            |    78 |    79 ||   157
       Rpst.: Long sword |    23 |    14 ||    37

Table legend:
 A = Non-vault XP
 B = Vault XP
 C = Vault XP percentage of total XP
 D = Non-vault monster count
 E = Vault monster count
 F = Vault count percentage of total count
                 A         B        C        D         E       F
            +---------+---------+-------+---------+---------+-------
      Total |     224 |     251 |  52.8 |      53 |      34 |  39.1
            +---------+---------+-------+---------+---------+-------
        D:1 |      31 |       4 |  11.4 |      17 |       2 |  10.5
        D:2 |      75 |       0 |   0.0 |      23 |       0 |   0.0
        D:3 |      25 |     183 |  88.0 |       7 |      22 |  75.9
        D:4 |      93 |       0 |   0.0 |       6 |       0 |   0.0
    Ossuary |       0 |      64 | 100.0 |       0 |      10 | 100.0
            +---------+---------+-------+---------+---------+-------
